 Dungeon Crawl Stone Soup version 0.30-b1-2-g02819fbbbe (webtiles) character file.

Game seed: 16614300704042952046

3190 ElMinstaer the Basher (level 9, 0/92 HPs)
             Began as a Troll Gladiator on May 22, 2023.
             Was a Believer of Wu Jian.
             Slain by a troll (8 damage)
             ... on level 6 of the Dungeon.
             The game lasted 00:18:20 (4671 turns).

ElMinstaer the Basher (Troll Gladiator)             Turns: 4671, Time: 00:18:20

Health: 0/92       AC:  4    Str: 32    XL:     9   Next: 64%
Magic:  8/8        EV: 10    Int:  4    God:    Wu Jian [**....]
Gold:   335        SH:  0    Dex: 13    Spells: 8/8 levels left

rFire   . . .        x - +2 mace (venom)
rCold   . . .        (no shield)
rNeg    . . .        b - +0 robe
rPois   .            c - +0 hat
rElec   .            (no cloak)
rCorr   .            (gloves unavailable)
SInv    .            (boots unavailable)
Will    .....        r - amulet of faith
Stlth   +            w - +6 ring of strength
HPRegen 1.15/turn    (no ring)
MPRegen 0.11/turn

%: faith
@: no status effects
A: large, unfitting armour, claws 3, regeneration 1, shaggy fur 1, tough skin 1
a: Renounce Religion, Wall Jump


You were on level 6 of the Dungeon.
You worshipped Wu Jian.
Wu Jian was pleased with you.
You visited 1 branch of the dungeon, and saw 6 of its levels.

You collected 433 gold pieces.
You spent 98 gold pieces at shops.

Inventory:

Hand Weapons
 a - a +0 flail
 s - a +1 whip of pain
 x - a +2 mace of venom (weapon)
 B - a +0 giant spiked club
 F - a +0 giant club
Missiles
 e - a large rock (quivered)
 g - 10 poisoned darts
 D - 5 boomerangs
Armour
 b - a +0 robe (worn)
 c - a +0 hat (worn)
 M - a +0 kite shield
Jewellery
 r - an amulet of faith (around neck)
 t - an amulet of regeneration
 w - a +6 ring of strength (left claw)
 E - a ring of positive energy
 K - an amulet of the acrobat
 L - a +6 ring of strength
Wands
 G - a wand of acid (10)
 H - a wand of iceblast (5)
Scrolls
 h - 5 scrolls of poison {unknown}
 l - 6 scrolls of identify {unknown}
 n - 4 scrolls of blinking {unknown}
 o - a scroll of enchant weapon {unknown}
 p - 4 scrolls of teleportation {unknown}
 q - a scroll of summoning {unknown}
 y - 3 scrolls of fog {unknown}
 z - 2 scrolls of torment {unknown}
 C - a scroll of magic mapping {unknown}
 I - a scroll of amnesia {unknown}
 J - a scroll of vulnerability {unknown}
Potions
 f - a potion of attraction {unknown}
 i - 4 potions of curing {unknown}
 j - a potion of lignification {unknown}
 k - 3 potions of mutation {unknown}
 m - 2 potions of haste {unknown}
 u - 2 potions of heal wounds {unknown}
 v - 3 potions of flight {unknown}
 A - a potion of magic {unknown}


   Skills:
 + Level 6.7 Fighting
 * Level 10.6 Maces & Flails
 - Level 1.7 Throwing
 - Level 2.4 Dodging


You had 8 spell levels left.
You didn't know any spells.
Your spell library contained the following spells:

 Spells                   Type           Power      Damage    Failure   Level
 Beastly Appendage        Tmut           0%         N/A       50%         1
 Shock                    Conj/Air       0%         1d3       50%         1
 Blink                    Tloc           0%         N/A       65%         2
 Lesser Beckoning         Tloc           0%         N/A       65%         2
 Momentum Strike          Conj/Tloc      0%         3d8       65%         2
 Poisonous Vapours        Pois/Air       0%         N/A       65%         2
 Swiftness                Air            0%         N/A       86%         3
 Airstrike                Air            0%         2d(0-16)  99%         4
 Petrify                  Tmut/Erth      0%         N/A       99%         4
 Irradiate                Conj/Tmut      0%         3d11      100%        5
 Necromutation            Tmut/Necr      0%         N/A       100%        8


Dungeon Overview and Level Annotations

Branches:
Dungeon (6/15)
 Temple: D:4-7

Altars:
Wu Jian

Shops:
D:4 *   D:5 (*


Innate Abilities, Weirdness & Mutations

You are too large for most types of armour.
You have claws for hands.
Your natural rate of healing is unusually fast.
You are covered in fur. (AC +1)
You have tough skin. (AC +1)


Message History

The ice beast is severely wounded.
You thump the ice beast!
You kill the ice beast!
The Council accepts your kill.
Throw: throwing net
Press: ? - help, Q - select action, (/) - cycle Shift-Dir - straight line, f - troll
Aim: a troll (60% to hit)
You throw a throwing net.
The throwing net barely misses the troll.
The troll barely misses you. x2; The troll claws you.
You closely miss the troll. The troll barely misses you.
The troll claws you. x2
You closely miss the troll. The troll bites you!! The troll claws you.
The troll barely misses you.
You completely miss the troll. The troll bites you.
* * * LOW HITPOINT WARNING * * *
The troll claws you.
* * * LOW HITPOINT WARNING * * *
The troll claws you!
* * * LOW HITPOINT WARNING * * *
Okay, then.
Okay, then.
Okay, then.
The troll attacks as you move away! The troll barely misses you.
The troll misses you. The troll claws you!
* * * LOW HITPOINT WARNING * * *
Aiming: Wall Jump
Press: ? - help, Dir - move target, p - troll You repeatedly attack the troll from above.
You sock the troll!
The troll is poisoned.
The troll is moderately wounded.
You closely miss the troll.
The troll is moderately wounded.
The troll closely misses you. The troll claws you.
* * * LOW HITPOINT WARNING * * *
The troll claws you!
* * * LOW HITPOINT WARNING * * *
The troll barely misses you. The troll claws you!
* * * LOW HITPOINT WARNING * * *
The troll claws you!
You die...

. #. ..# ##### #.
....##########..(## #.
#.................# #.
#................# #.
Y.#..##...........# #. ....
#........)..# #. #..
#........#○## #. .#
#........#@# #.
#........#T###############.
########.#.......)..)......
#.################## #.#
#.#


You could see a troll (very poisoned).

Vanquished Creatures
  A troll (D:6)
  A wyvern (D:5)
  4 yaks
  A steam dragon (D:5)
  A sky beast (D:6)
  An ice beast (D:6)
  4 ogres
  A centaur (D:6)
  2 phantoms
  A kobold brigand (D:6)
  4 bullfrogs (D:6)
  A gnoll sergeant (D:6)
  2 howler monkeys (D:6)
  2 jellies
  6 hounds
  8 orc priests
  A sleepcap (D:4)
  An iguana (D:4)
  An orc wizard (D:5)
  12 adders
  8 gnolls
  A white imp (D:5)
  3 ufetubi
  2 worms
  A dart slug (D:4)
  21 orcs
  7 endoplasms
  4 giant cockroaches
  10 goblins
  8 hobgoblins
  A jackal (D:3)
  4 quokkas
  13 ball pythons
  6 bats
  3 frilled lizards
  6 kobolds
  5 rats
158 creatures vanquished.

Vanquished Creatures (others)
  7 fungi (D:2)
  3 toadstools (D:2)
10 creatures vanquished.

Grand Total: 168 creatures vanquished

Notes
Turn   | Place    | Note
-------+----------+-------------------------------------------
     0 | D:1      | ElMinstaer the Troll Gladiator began the quest for the Orb.
     0 | D:1      | Reached XP level 1. HP: 19/19 MP: 0/0
    64 | D:1      | Reached skill level 3 in Maces & Flails
    74 | D:1      | Reached XP level 2. HP: 28/28 MP: 1/1
   500 | D:2      | Reached XP level 3. HP: 35/35 MP: 2/2
   804 | D:2      | Reached skill level 4 in Maces & Flails
   819 | D:2      | Reached XP level 4. HP: 44/44 MP: 3/3
  1722 | D:3      | Reached XP level 5. HP: 50/50 MP: 4/4
  2162 | D:3      | Identified the +5 spear of Light {drain, +Blink Int+2
                  | Dex+2}
  2382 | D:4      | Reached skill level 5 in Maces & Flails
  2521 | D:4      | Reached XP level 6. HP: 45/61 MP: 5/5
  2674 | D:4      | Reached skill level 6 in Maces & Flails
  2806 | D:4      | Found an ornate altar of the Wu Jian Council.
  2827 | D:4      | Became a worshipper of the Wu Jian Council
  3009 | D:4      | Reached XP level 7. HP: 39/68 MP: 6/6
  3108 | D:4      | Found Xacoquts's Assorted Antiques.
  3114 | D:4      | Bought a scroll labelled ITOURPH TICO for 20 gold pieces
  3114 | D:4      | Bought a scroll labelled ITOURPH TICO for 20 gold pieces
  3114 | D:4      | Bought a scroll labelled YSICEN WUHER for 20 gold pieces
  3114 | D:4      | Bought a scroll labelled FUKLAMEITOLOH for 20 gold pieces
  3114 | D:4      | Bought a fuming cyan potion for 18 gold pieces
  3152 | D:4      | Got the Omnibus of Evolved Intoxication
  3192 | D:5      | Entered Level 5 of the Dungeon
  3194 | D:5      | Noticed a wyvern
  3301 | D:5      | Killed a wyvern
  3302 | D:5      | Reached skill level 7 in Maces & Flails
  3372 | D:5      | Found Xaudid's Neck Hole.
  3379 | D:5      | Noticed a steam dragon
  3396 | D:5      | Killed a steam dragon
  3444 | D:5      | Reached XP level 8. HP: 79/79 MP: 7/7
  3702 | D:5      | Reached skill level 5 in Fighting
  3702 | D:5      | Reached skill level 8 in Maces & Flails
  3809 | D:5      | Reached * piety under Wu Jian
  3820 | D:5      | Found Qyhyekh's Antique Weapon Shop.
  3944 | D:5      | HP: 2/81 [yak (6)]
  3954 | D:5      | Reached skill level 9 in Maces & Flails
  4035 | D:6      | Reached XP level 9. HP: 72/89 MP: 8/8
  4181 | D:6      | Noticed a troll
  4287 | D:6      | Killed a troll
  4288 | D:6      | Reached skill level 10 in Maces & Flails
  4595 | D:6      | Reached ** piety under Wu Jian
  4655 | D:6      | Noticed a troll
  4671 | D:6      | Slain by a troll

Illustrated notes

Levels and vault maps discovered:
D:1:      spicycebolla_arrival_transporter_tutorial, layout_basic
D:2:      layout_loops_corners, chequers_serial_rivers_room_a,
          minmay_gold_behind_fungi
D:3:      minmay_chambers_of_twos, layout_loops_cross
D:4:      layout_loops_cross, serial_shops, nicolae_shop_pleasant_corner_grove,
          dk_noncrumbling_2, minmay_ruined_shrine
D:5:      layout_rooms, serial_shops, nicolae_shop_just_a_little_nook,
          nicolae_shop_sticking_my_neck_out
D:6:      cheibrodos_fzero, layout_basic

Skill      XL: |  1  2  3  4  5  6  7  8  9 |
---------------+----------------------------+-----
Maces & Flails | 3 4 5 6 7 9 10 | 10.6
Fighting       | 2 3 4 5 6 |  6.7
Throwing       | |  1.7
Dodging        | |  2.4

Action                     |  1- 3 |  4- 6 |  7- 9 || total
---------------------------+-------+-------+-------++-------
  Melee: Flail             |   136 |   104 |       ||   240
         Punch             |     1 |     2 |     1 ||     4
         Spear             |       |    52 |       ||    52
         Mace              |       |    40 |   192 ||   232
  Throw: Throwing net      |       |       |     8 ||     8
Ability: Lunge             |       |     2 |     7 ||     9
         Whirlwind         |       |       |     7 ||     7
         Wall Jump         |       |       |     1 ||     1
   Stab: Sleeping          |       |     1 |       ||     1
         Held in net/web   |       |       |     2 ||     2
 Armour: Robe              |    64 |    45 |    43 ||   152
  Dodge: Dodged            |    91 |   104 |   111 ||   306
